 Dungeon Crawl Stone Soup version 0.29.1-2-gbd0b4ee654 (webtiles) character file.

Game seed: 16601669835953624302

175 Descartes the Cutter (level 5, 0/28 HPs)
             Began as a Spriggan Chaos Knight on Nov 29, 2022.
             Was a Plaything of Xom.
             Slain by a hound (5 damage)
             ... on level 4 of the Dungeon.
             The game lasted 00:03:35 (3112 turns).

Descartes the Cutter (Spriggan Chaos Knight)        Turns: 3112, Time: 00:03:35

Health: 0/28       AC:  4    Str: 10    XL:     5   Next: 29%
Magic:  6/6        EV: 18    Int: 13    God:    Xom [.....*]
Gold:   174        SH:  0    Dex: 15    Spells: 4/4 levels left

rFire   . . .      SeeInvis +   a - +0 short sword (chaos)
rCold   . . .      Faith    .   (no shield)
rNeg    . . .      Spirit   .   b - +2 robe
rPois   .          Reflect  .   (helmet restricted)
rElec   .          Harm     .   (no cloak)
rCorr   .          Rampage  .   (gloves unavailable)
Will    .....                   (boots unavailable)
Stlth   +++.......              (no amulet)
HPRegen 0.09/turn               (no ring)
MPRegen 0.10/turn               (no ring)

@: very quick
A: very small, no large weapons, unfitting armour, see invisible, speed 3
a: Renounce Religion


You were on level 4 of the Dungeon.
You worshipped Xom.
You were Xom's teddy bear.
You visited 1 branch of the dungeon, and saw 4 of its levels.

You collected 174 gold pieces.

Inventory:

Hand Weapons
 a - a +0 short sword of chaos (weapon)
 g - a +4 short sword
 t - a +0 short sword of venom
 w - a +3 dagger
Missiles
 n - 5 boomerangs
Armour
 b - a +2 robe (worn)
 p - an orb of guile
Wands
 v - a wand of digging (7)
Scrolls
 d - 4 scrolls of identify {unknown}
 f - a scroll of acquirement {unknown}
 k - a scroll of silence {unknown}
 m - 2 scrolls of immolation {unknown}
 o - a scroll of teleportation {unknown}
 q - a scroll of butterflies {unknown}
 r - a scroll of torment {unknown}
 s - a scroll of fear {unknown}
 u - a scroll of enchant weapon {unknown}
Potions
 e - a potion of attraction {unknown}
 h - a potion of resistance {unknown}
 i - a potion of invisibility {unknown}
 j - 3 potions of brilliance {unknown}
 l - 2 potions of curing
Miscellaneous
 c - a piece from Xom's chessboard (15/15) (quivered)


   Skills:
 + Level 2.9 Fighting
 * Level 4.5 Short Blades
 + Level 4.0 Dodging
 * Level 4.0 Stealth
 + Level 2.3 Evocations


You had 4 spell levels left.
You didn't know any spells.
Your spell library was empty.

Dungeon Overview and Level Annotations

Branches:
Dungeon (4/15)
 Temple: D:4-7

Altars:
Vehumet
Zin


Innate Abilities, Weirdness & Mutations

You are very small and have problems with some larger weapons.
You are too small for most types of armour.
You have supernaturally acute eyesight. (SInv)
You cover ground extremely quickly. (Speed+++)


Message History

You feel sick. The scorpion stings you!
* * * LOW HITPOINT WARNING * * *
You feel better. The scorpion closely misses you.
You hit the scorpion but do no damage.
Space warps around the scorpion!
You kill the scorpion!
Your Dodging skill increases to level 4!
Your Stealth skill increases to level 4!
You have reached level 5!
You feel agile.
You see here a scorpion corpse.
The helpless hound fails to defend itself.
You puncture the hound!
The hound is almost dead.
The hound bites you. The hound misses you.
You are too injured to fight recklessly!
You hit the hound but do no damage.
The hound is almost dead.
The hound blinks!
The hound misses you.
You hit the hound but do no damage.
The hound seems to grow stronger.
The hound is almost dead.
The hound pauses to sniff the ground.
The hound closely misses you.
You hit the hound but do no damage.
The hound is almost dead.
The hound misses you. The hound bites you but does no damage.
You completely miss the hound.
The hound is almost dead.
The hound stops to sniff the ground.
The hound bites you.
* * * LOW HITPOINT WARNING * * *
You emit a cloud of colourful smoke!
You closely miss the hound.
The hound is almost dead.
The hound closely misses you.
Unknown command.
You closely miss the hound.
The hound is almost dead.
The hound bites you.
You die...

...# ♣....## #
...# ♣♣.....#..
#..# ♣♣........
#..####♣♣♣♣......#
#...............#
..##.#..........#
...####.#.....†.##
... ####.....§§##
... #....§h@§#
....
.....#####§.......
.. ...###
#...##.## .. ....
#...# .#.. ##.##
.. ..# ..#


You could see a hound (strong).

Vanquished Creatures
  A scorpion (D:4)
  An iguana (D:4)
  Robin (D:3)
  An adder (D:3)
  A worm (D:3)
  3 orcs (D:2)
  6 ball pythons
  5 endoplasms
  2 giant cockroaches
  12 goblins
  3 hobgoblins (D:3)
  6 jackals
  2 quokkas
  6 bats
  3 frilled lizards
  3 kobolds
  4 rats
60 creatures vanquished.

Notes
Turn   | Place    | Note
-------+----------+-------------------------------------------
     0 | D:1      | Descartes the Spriggan Chaos Knight began the quest for the
                  | Orb.
     0 | D:1      | Reached XP level 1. HP: 11/11 MP: 2/2
   198 | D:1      | Reached skill level 1 in Stealth
   271 | D:1      | XOM: smoke on damage
   281 | D:1      | Reached XP level 2. HP: 11/16 MP: 3/3
   444 | D:1      | XOM: divination: magic mapping
   465 | D:1      | XOM: divination: detect creatures
   631 | D:1      | XOM: divination: detect items
   685 | D:2      | Found a glowing silver altar of Zin.
   820 | D:2      | Reached skill level 1 in Evocations
   949 | D:2      | Reached XP level 3. HP: 15/19 MP: 4/4
  1040 | D:2      | XOM: silly message
  1126 | D:2      | XOM: silly message
  1145 | D:2      | XOM: potion effect (curing)
  1233 | D:2      | Found a faded altar of an unknown god.
  1267 | D:2      | XOM: silly message
  1742 | D:3      | Found a radiant altar of Vehumet.
  1865 | D:3      | Reached XP level 4. HP: 23/23 MP: 5/5
  2116 | D:3      | Noticed Robin
  2131 | D:3      | XOM: enchant monster (good)
  2138 | D:3      | Your ally Robin died
  2790 | D:4      | XOM: butterfly on damage
  2967 | D:4      | XOM: god gift: sapphire potion {god gift}
  3090 | D:4      | Noticed a scorpion
  3098 | D:4      | HP: 1/23 [scorpion (11)]
  3100 | D:4      | Killed a scorpion
  3101 | D:4      | Reached XP level 5. HP: 15/28 MP: 6/6
  3110 | D:4      | XOM: smoke on damage
  3112 | D:4      | Slain by a hound

Illustrated notes

Levels and vault maps discovered:
D:1:      nagdon_arrival_zigzag_paths, layout_loops_ring,
          hangedman_feature_mirror
D:2:      layout_rooms, basic_altar, hellmonk_ecumenical_altar_defaced_shrine
D:3:      layout_basic, nicolae_vehumet_altar_sigil,
          kennysheep_decorative_pillar, saegor_snake_ambush, uniq_robin
D:4:      layout_cave_pools, makhleb_altar_promises_db,
          nicolae_overflow_hidden_temple, serial_forest,
          infiniplex_forest_clump_diagonal, infiniplex_forest_lined_4_way,
          infiniplex_forest_end_3, infiniplex_forest_end_2,
          infiniplex_forest_clump_tiny, infiniplex_forest_lined_corner,
          uniq_sigmund, uniq_grinder

Skill      XL: |  1  2  3  4 |
---------------+-------------+-----
Stealth        | 1 2 4 |  4.0
Evocations     | 1 2 |  2.3
Short Blades   | 4 |  4.5
Dodging        | 4 |  4.0
Fighting       | |  2.9

Action                   |  1- 3 |  4- 6 || total
-------------------------+-------+-------++-------
Melee: Short sword       |   119 |    74 ||   193
       Punch             |     2 |     1 ||     3
  Use: Potion            |       |     2 ||     2
 Stab: Sleeping          |     6 |     2 ||     8
Armor: Robe              |    19 |     6 ||    25
Dodge: Dodged            |   100 |    53 ||   153
